 Dungeon Crawl Stone Soup version 0.28-a0-631-g0446da8ef9 (webtiles) character file.

Game seed: 4466439684499350324

18739 DungeonMaster the Fighter (level 12, -7/103 HPs)
             Began as a Demonspawn Wanderer on Oct 10, 2021.
             Was an Initiate of Gozag.
             Mangled by a skeletal warrior (10 damage)
             ... on level 12 of the Dungeon.
             The game lasted 00:29:09 (11549 turns).

DungeonMaster the Fighter (Demonspawn Wanderer)    Turns: 11549, Time: 00:29:10

Health: -7/103     AC: 27    Str: 15    XL:     12   Next: 30%
Magic:  12/12      EV: 11    Int: 12    God:    Gozag
Gold:   1500       SH:  0    Dex: 17    Spells: 11/11 levels left

rFire   + . .      SeeInvis +   s - +4 quarterstaff (chaos)
rCold   . . .      Faith    .   (shield currently unavailable)
rNeg    + . .      Spirit   .   m - +1 chain mail {rF+}
rPois   +          Reflect  .   g - +0 helmet
rElec   +          Harm     .   A - +1 cloak
rCorr   +          Rampage  .   z - +0 pair of gloves
Will    .....                   q - +2 pair of boots of Toorphorch {Contam rElec rN+ Slay+3}
Stlth   ..........              r - amulet of regeneration
HPRegen 1.27/turn               k - ring of see invisible
MPRegen 0.13/turn               S - ring of Autumn {rElec rPois rCorr AC+4}

@: mighty, studying Long Blades
A: yellow scales 1, foul stench 2, powered by pain 2, weakness stinger 2
a: Renounce Religion, Potion Petition, Call Merchant, Bribe Branch


You were on level 12 of the Dungeon.
You worshipped Gozag.
Gozag was most pleased with you.
You visited 2 branches of the dungeon, and saw 13 of its levels.

You collected 2213 gold pieces.
You spent 107 gold pieces at shops.
You paid 606 gold pieces to Gozag.

Inventory:

Hand Weapons
 a - a +2 rapier of venom
 d - the +9 short sword "Fauggoc" {elec, rPois rN+ Will+ rCorr}
   (You found it on level 7 of the Dungeon)

   It occasionally discharges a powerful burst of electricity upon striking a
   foe.
   rPois:     It protects you from poison.
   rN:        It protects you from negative energy.
   rCorr:     It protects you from acid and corrosion.
   Will:      It increases your willpower.
 s - a +4 quarterstaff of chaos (weapon)
 w - the +10 hand crossbow "Feufar Buna" {penet, rCorr Str+2}
   (You found it on level 9 of the Dungeon)

   Any ammunition fired by it passes through the targets it hits, potentially
   hitting all targets in its path until it reaches maximum range.
   Str:       It affects your strength (+2).
   rCorr:     It protects you from acid and corrosion.
 E - a +0 war axe of flaming
 K - a +5 battleaxe
 N - a +4 vorpal scimitar
 Y - a +0 broad axe
Missiles
 f - 340 arrows
 i - 115 poisoned darts (quivered)
 t - 108 bolts
 G - 3 curare-tipped darts
 O - a boomerang
Armour
 g - a +0 helmet (worn)
 m - a +1 chain mail of fire resistance (worn)
 q - the +2 pair of boots of Toorphorch (worn) {Contam rElec rN+ Slay+3}
   (You found it on level 4 of the Dungeon)

   Slay:      It affects your accuracy & damage with ranged weapons and melee
   (+3).
   rElec:     It insulates you from electricity.
   rN:        It protects you from negative energy.
   Contam:    It causes magical contamination when unequipped.
 u - a +0 buckler
 y - the +1 robe of Terror {rPois}
   (You found it on level 5 of the Dungeon)

   rPois:     It protects you from poison.
 z - a +0 pair of gloves (worn)
 A - a +1 cloak (worn)
 F - a +0 tower shield
 Q - +0 fire dragon scales
 R - a +2 kite shield
Magical Staves
 J - a staff of poison
Jewellery
 k - a ring of see invisible (left hand)
 l - an amulet of the acrobat
 r - an amulet of regeneration (around neck)
 x - a ring of positive energy
 H - a ring of protection from cold
 S - the ring of Autumn (right hand) {rElec rPois rCorr AC+4}
   (You acquired it on level 10 of the Dungeon)

   [ring of protection]

   AC:        It affects your AC (+4).
   rElec:     It insulates you from electricity.
   rPois:     It protects you from poison.
   rCorr:     It protects you from acid and corrosion.
Wands
 n - a wand of flame (25)
 v - a wand of polymorph (3)
 I - a wand of acid (13)
Scrolls
 c - a scroll of magic mapping
 e - 2 scrolls of amnesia
 h - 2 scrolls of teleportation
 L - 3 scrolls of identify
 P - a scroll of enchant weapon {unknown}
 V - a scroll of enchant armour
 W - a scroll of silence
Potions
 b - 4 potions of curing
 j - a potion of might
 o - 4 potions of lignification
 p - 3 potions of haste
 B - 2 potions of heal wounds
 C - a potion of ambrosia
 D - 3 potions of resistance
 M - a potion of invisibility
 U - a potion of berserk rage {unknown}
 X - a potion of mutation {unknown}
Miscellaneous
 T - a condenser vane


   Skills:
 * Level 12.3 Fighting
 - Level 1.0 Staves
 * Level 6.1 Crossbows
 * Level 10.3 Armour
 * Level 10.3 Dodging
 - Level 1.7 Stealth
 - Level 1.0 Shields
 - Level 1.0 Evocations


You had 11 spell levels left.
You didn't know any spells.
Your spell library contained the following spells:

 Spells                   Type           Power      Damage    Failure   Level
 Animate Skeleton         Necr           0%         N/A       99%         1
 Pain                     Necr           0%         1d4       99%         1
 Blink                    Tloc           N/A        N/A       99%         2
 Lesser Beckoning         Tloc           0%         N/A       100%        3
 Summon Guardian Golem    Hex/Summ       0%         N/A       100%        3
 Vampiric Draining        Necr           0%         2d6       100%        3
 Leda's Liquefaction      Hex/Erth       0%         N/A       100%        4
 Lee's Rapid Deconstruct  Erth           0%         3d5*      100%        5
 Manifold Assault         Tloc           0%         N/A       100%        5
 Summon Forest            Summ/Tloc      0%         N/A       100%        5
 Eringya's Noxious Bog    Tmut/Pois      0%         N/A       100%        6
 Statue Form              Tmut/Erth      0%         N/A       100%        6
 Orb of Destruction       Conj           0%         N/A       100%        7
 Spellforged Servitor     Conj/Summ      0%         N/A       100%        7
 Summon Hydra             Summ           0%         N/A       100%        7


Dungeon Overview and Level Annotations

Branches:
Dungeon (12/15)            Temple (1/1) D:4            Lair (0/6) D:10
    Orc (0/2) D:9

Altars:
Ashenzari
Cheibriados
Dithmenos
Fedhas
Gozag
Hepliaklqana
Kikubaaqudgha
Makhleb
Nemelex Xobeh
Okawaru
Qazlal
Ru
Uskayaw
Vehumet
Wu Jian
Xom
Zin
The Shining One
Beogh

Shops:
D:7 (   D:9 [

Annotations:
D:5 2 transporters, TimeIsEndless's ghost, novice FoFi
D:9 1 runed translucent door, exclusion: orange crystal statue, hemabe71's ghost, novice HuAr


Innate Abilities, Weirdness & Mutations

You are partially covered in yellow scales. (AC +2)
You sometimes emit foul miasma when damaged in melee.
You sometimes gain power by taking damage.
You have a tail ending in a sharp stinger.


Message History

s - a +4 quarterstaff of chaos (weapon)
You feel a little less mighty now.
You hit the skeletal warrior but do no damage.
You tail-slap the skeletal warrior, but do no damage.
The skeletal warrior is lightly damaged.
The skeletal warrior hits you but does no damage.
The skeletal warrior hits you with a +0 dire flail.
You emit a cloud of foul miasma!
You thump the skeletal warrior!
The skeletal warrior seems to grow stronger.
The skeletal warrior is moderately damaged.
The skeletal warrior hits you with a +0 dire flail!
You hit the skeletal warrior.
The skeletal warrior convulses.
The skeletal warrior is moderately damaged.
The skeletal warrior hits you with a +0 dire flail!!
You hit the skeletal warrior. You tail-slap the skeletal warrior.
The skeletal warrior is heavily damaged.
The skeletal warrior hits you with a +0 dire flail!!
You hit the skeletal warrior. You freeze the skeletal warrior.
The skeletal warrior is severely damaged.
The skeletal warrior barely misses you.
The skeletal warrior hits you with a +0 dire flail.
You hit the skeletal warrior.
You tail-slap the skeletal warrior, but do no damage.
The skeletal warrior is severely damaged.
The skeletal warrior hits you but does no damage.
You hit the skeletal warrior. You freeze the skeletal warrior.
The skeletal warrior is almost destroyed.
The skeletal warrior hits you with a +0 dire flail!!
* * * LOW HITPOINT WARNING * * *
You hit the skeletal warrior but do no damage.
The skeletal warrior seems to speed up.
The skeletal warrior is severely damaged.
The skeletal warrior hits you with a +0 dire flail!!
* * * LOW HITPOINT WARNING * * *
You focus on the pain.
You feel very mighty all of a sudden.
The skeletal warrior hits you with a +0 dire flail!
You die...
Your body crumbles into a pile of gold.

#.............. #
##......(.......
#...............
#.......((......
##...............
#................
#................
##..z)............
#..@..............
#..#..............
##..#..............
#...#.............
#..##.............
##..###.........###
#...# #.......###
##..## ##..#####
#### #...### ####
####...


You could see a skeletal warrior (fast, strong).

Vanquished Creatures
  2 boulder beetles (D:11)
  2 two-headed ogres
  3 skeletal warriors (D:12)
  2 deep elf pyromancers (D:12)
  5 cyclopes
  An ugly thing (D:10)
  Maurice (D:8)
  2 gargoyles (D:12)
  2 kobold demonologists (D:7)
  Maggie (D:9)
  An unseen horror (D:12)
  A troll (D:9)
  3 hornets
  A meliai zombie (D:11)
  3 shadows
  A vampire (D:11)
  Eustachio (D:5)
  10 yaks (D:10)
  2 steam dragons
  4 vampire mosquitoes (D:11)
  2 water moccasins
  An acid dragon (D:12)
  8 orc warriors
  A hornet zombie (D:7)
  5 ogres
  8 centaurs
  A phantom (D:6)
  7 kobold brigands
  2 bullfrogs (D:10)
  4 gnoll sergeants (D:9)
  4 scorpions
  A killer bee (D:9)
  A water moccasin skeleton (D:4)
  10 wights
  4 howler monkeys
  A bullfrog zombie (D:6)
  3 centaur zombies
  A jelly (D:5)
  2 gnoll shamans
  A hound (D:5)
  4 orc priests
  Crazy Yiuf (D:5)
  2 bullfrog skeletons
  3 iguanas
  Natasha (thrice) (D:3)
  3 orc wizards
  2 hound skeletons
  A howler monkey zombie (D:8)
  Robin (D:3)
  13 gnolls
  10 adders
  A howler monkey skeleton (D:4)
  A shadow imp (D:6)
  4 worms
  A dart slug (D:4)
  27 orcs
  6 bats
  6 endoplasms
  2 giant cockroaches (D:4)
  19 goblins
  7 hobgoblins
  24 kobolds
  2 quokkas
  6 ball pythons
  3 frilled lizards
  A quokka skeleton (D:4)
  6 rats
274 creatures vanquished.

Vanquished Creatures (others)
  A hound (D:6)
  A jelly (D:6)
  9 fungi (D:10)
  15 plants
26 creatures vanquished.

Grand Total: 300 creatures vanquished

Notes
Turn   | Place    | Note
-------+----------+-------------------------------------------
     0 | D:1      | DungeonMaster the Demonspawn Wanderer began the quest for
                  | the Orb.
     0 | D:1      | DungeonMaster set off with the following items: a +2
                  | quarterstaff, a potion of curing, a piece from Xom's
                  | chessboard (15/15), a +0 robe, a +0 dagger
     0 | D:1      | Reached XP level 1. HP: 21/21 MP: 1/1
   124 | D:1      | Reached skill level 1 in Dodging
   124 | D:1      | Gained mutation: You sometimes gain a little power by
                  | taking damage. [demonic ancestry]
   124 | D:1      | Reached XP level 2. HP: 27/27 MP: 2/2
   469 | D:2      | Gained mutation: You have a small tail. [demonic ancestry]
   469 | D:2      | Reached XP level 3. HP: 26/33 MP: 3/3
   529 | D:2      | Reached skill level 1 in Armour
   730 | D:2      | Noticed Robin
   997 | D:3      | Killed Robin
   998 | D:3      | Gained mutation: You are partially covered in yellow
                  | scales. (AC +2) [demonic ancestry]
   998 | D:3      | Reached XP level 4. HP: 36/39 MP: 4/4
  1574 | D:3      | Noticed Natasha
  1589 | D:3      | Killed Natasha
  1595 | D:3      | Noticed Natasha
  1855 | D:3      | Killed Natasha
  1856 | D:3      | Reached XP level 5. HP: 46/46 MP: 5/5
  1886 | D:3      | Noticed Natasha
  1894 | D:3      | Killed Natasha
  1920 | D:3      | Reached skill level 6 in Fighting
  2868 | D:4      | Gained mutation: You sometimes gain power by taking damage.
                  | [demonic ancestry]
  2868 | D:4      | Reached XP level 6. HP: 51/52 MP: 6/6
  2889 | D:4      | Found a staircase to the Ecumenical Temple.
  2891 | D:4      | Identified the +2 pair of boots of Toorphorch {Contam rElec
                  | rN+ Slay+3}
  2898 | Temple   | Entered the Ecumenical Temple
  2923 | Temple   | Became a worshipper of Gozag Ym Sagoz the Greedy
  4040 | D:5      | Entered Level 5 of the Dungeon
  4084 | D:5      | Gained mutation: You have a tail ending in a sharp stinger.
                  | [demonic ancestry]
  4084 | D:5      | Reached XP level 7. HP: 59/59 MP: 7/7
  4195 | D:5      | Found a transporter.
  4213 | D:5      | Found a transporter.
  4213 | D:5      | Noticed TimeIsEndless's ghost (novice FoFi)
  4254 | D:5      | Noticed Eustachio
  4290 | D:5      | Killed Eustachio
  4749 | D:5      | Reached skill level 7 in Fighting
  4789 | D:5      | Found a runed translucent door.
  4790 | D:5      | Noticed Crazy Yiuf
  4988 | D:5      | Identified the +1 robe of Terror {rPois}
  5127 | D:5      | Killed Crazy Yiuf
  5434 | D:5      | Reached XP level 8. HP: 58/67 MP: 8/8
  5560 | D:6      | Reached skill level 5 in Dodging
  5629 | D:6      | Reached skill level 5 in Armour
  5932 | D:6      | Reached skill level 8 in Fighting
  6429 | D:7      | Identified the +9 short sword "Fauggoc" {elec, rPois rN+
                  | Will+ rCorr}
  6525 | D:7      | Found Julo Kiell's Hydra Hut.
  6527 | D:7      | Noticed a hornet
  6533 | D:7      | Killed a hornet
  6534 | D:7      | Noticed an eight-headed hydra
  6565 | D:7      | Bought a +0 war axe of flaming for 107 gold pieces
  6682 | D:7      | Reached XP level 9. HP: 75/75 MP: 9/9
  7006 | D:8      | Noticed a kobold demonologist
  7007 | D:8      | Noticed a kobold demonologist
  7015 | D:8      | Noticed a red devil
  7022 | D:7      | Killed a kobold demonologist
  7064 | D:8      | Noticed a two-headed ogre
  7072 | D:7      | Noticed a smoke demon
  7074 | D:7      | Killed a kobold demonologist
  7075 | D:7      | Reached skill level 9 in Fighting
  7088 | D:8      | Killed a two-headed ogre
  7314 | D:8      | Noticed Maurice
  7334 | D:8      | Killed Maurice
  7335 | D:8      | Reached XP level 10. HP: 76/85 MP: 10/10
  7408 | D:8      | Reached skill level 10 in Fighting
  7932 | D:9      | Noticed an eight-headed hydra
  7932 | D:9      | Noticed hemabe71's ghost (novice HuAr)
  7933 | D:9      | Found a runed translucent door.
  7938 | D:9      | Noticed an orange crystal statue
  8091 | D:9      | Identified the +10 hand crossbow "Feufar Buna" {penet,
                  | rCorr Str+2}
  8268 | D:9      | Reached skill level 1 in Crossbows
  8409 | D:9      | Found a staircase to the Orcish Mines.
  8625 | D:9      | Noticed Maggie
  8641 | D:9      | Killed Maggie
  9056 | D:10     | Entered Level 10 of the Dungeon
  9099 | D:10     | Noticed a purple ugly thing
  9108 | D:10     | Killed a purple ugly thing
  9109 | D:10     | Gained mutation: You may rarely emit foul miasma when
                  | damaged in melee. [demonic ancestry]
  9109 | D:10     | Reached XP level 11. HP: 71/92 MP: 11/11
  9131 | D:10     | Identified a scroll of acquirement
  9131 | D:10     | Acquired the ring of Autumn {rElec rPois rCorr AC+4}
  9148 | D:10     | Reached skill level 11 in Fighting
  9680 | D:10     | Found a staircase to the Lair.
  9970 | D:11     | Noticed a boulder beetle
  9985 | D:11     | Killed a boulder beetle
 10024 | D:11     | Noticed a boulder beetle
 10039 | D:11     | Killed a boulder beetle
 10165 | D:11     | Found an iron altar of Okawaru.
 10360 | D:11     | Reached skill level 5 in Crossbows
 10385 | D:11     | Noticed a two-headed ogre
 10392 | D:11     | Killed a two-headed ogre
 10642 | D:12     | Noticed a deep elf pyromancer
 10652 | D:12     | Killed a deep elf pyromancer
 10652 | D:12     | Noticed a deep elf pyromancer
 10660 | D:12     | Killed a deep elf pyromancer
 10732 | D:12     | Reached skill level 12 in Fighting
 10732 | D:12     | Reached skill level 10 in Dodging
 10732 | D:12     | Gained mutation: You sometimes emit foul miasma when
                  | damaged in melee. [demonic ancestry]
 10732 | D:12     | Reached XP level 12. HP: 102/102 MP: 12/12
 10736 | D:12     | Reached skill level 10 in Armour
 11549 | D:12     | HP: 3/103 [skeletal warrior (23)]
 11549 | D:12     | Mangled by a skeletal warrior

Illustrated notes

Levels and vault maps discovered:
D:1:      psy_arrival_fountain, layout_basic, chequers_serial_rivers_micro_c
D:2:      layout_rooms, hellmonk_ecumenical_altar_defaced_shrine,
          minmay_between, uniq_robin
D:3:      minmay_general_purpose_star, layout_rooms, uniq_natasha
D:4:      layout_loops_ring, minmay_temple_entry_junction_2
D:5:      layout_basic, gammafunk_ghost_mausoleum, grunt_ministairs_7,
          uniq_eustachio, uniq_crazy_yiuf_cottage
D:6:      layout_rooms, minmay_manual_mares
D:7:      layout_loops_cross, hangedman_decor_clover_reticule,
          chequers_serial_rivers_small_a, doesnt_shop_hydraphobe
D:8:      layout_loops_cross, mainiacjoe_overflow_boulevard, uniq_maurice
D:9:      layout_rooms, kennysheep_orc_monster_closet_entryway,
          ebering_ghost_inner_flame, st_stairs_5, columned_hall_lemuel,
          roderic_lattice_a, minivault_16, chequers_avenue, uniq_maggie
D:10:     layout_loops_ring, grunt_lair_entry_orc_guard_hut, minmay_holes
D:11:     layout_loops_ring, okawaru_ov_weapons_minmay
D:12:     layout_cave_pods
Temple:   grunt_wide_crystal_templ

Skill      XL: |  1  2  3  4  5  6  7  8  9 10 11 12 |
---------------+-------------------------------------+-----
Dodging        | 1 2 3 4 6 7 8 10 | 10.3
Armour         | 1 2 3 4 6 7 8 9 10 | 10.3
Fighting       | 6 7 8 9 10 12 | 12.3
Crossbows      | 3 5 6 |  6.1
Staves         | |  1.0
Stealth        | |  1.7
Shields        | |  1.0
Evocations     | |  1.0

Action                   |  1- 3 |  4- 6 |  7- 9 | 10-12 || total
-------------------------+-------+-------+-------+-------++-------
Melee: Quarterstaff      |    86 |   214 |    85 |   131 ||   516
       Tailslap          |     5 |    22 |    45 |    85 ||   157
       Rapier            |       |       |   119 |   334 ||   453
       Unarmed           |       |       |    25 |       ||    25
 Fire: Hand crossbow     |       |       |       |    66 ||    66
Throw: Dart              |       |       |     4 |     1 ||     5
Invok: Call Merchant     |       |       |       |     1 ||     1
Evoke: Wand              |       |       |     4 |     1 ||     5
  Use: Scroll            |     3 |     6 |     5 |     7 ||    21
       Potion            |       |       |     1 |       ||     1
 Stab: Sleeping          |     2 |       |       |       ||     2
       Distracted        |       |       |     4 |     1 ||     5
Armor: Robe              |     5 |       |       |       ||     5
       Chain mail        |    49 |   124 |   175 |   341 ||   689
       Skin              |       |       |     7 |       ||     7
Dodge: Dodged            |    19 |    92 |   141 |   278 ||   530

Table legend: (Time is in decaauts)
 A = Elapsed time spent in this place.
 B = Non-inter-level travel time spent in this place.
 C = Inter-level travel time spent in this place.
 D = Time resting spent in this place.
 E = Time spent auto-exploring this place.
 F = Levels seen in this place.
 G = Mean time per level.
                   A        B        C        D        E       F      G
               +--------+--------+--------+--------+--------+-----+--------+
         Total |  11799 |  11594 |    205 |   2148 |   6198 |  13 |  907.6 |
       Dungeon |  11760 |  11568 |    192 |   2148 |   6187 |  12 |  980.0 |
        Temple |     38 |     25 |     13 |      0 |     11 |   1 |   38.0 |
               +--------+--------+--------+--------+--------+-----+--------+

Top non-repeatable levels by time:
     D:4: 1550 daAuts
     D:3: 1435 daAuts
     D:5: 1414 daAuts
     D:9: 1203 daAuts
    D:12: 933 daAuts
     D:8: 863 daAuts
     D:7: 831 daAuts
    D:11: 804 daAuts
    D:10: 802 daAuts
     D:6: 802 daAuts
     D:2: 655 daAuts
     D:1: 465 daAuts
  Temple: 38 daAuts
